Map: Dusk Towers

Players

FLORENCIO - Winner!

  • Race: Protoss Protoss
  • League: Diamond

EnlistedReb

  • Race: Zerg Zerg
  • League: Diamond

VOD

Have the link to the VOD?

Description

Time

  • Played on: July 10, 2016, 3:18 p.m.
  • Length: 8:55
Show
View Real Time Build Order
Export as new Build Order

FLORENCIO Protoss - Winner!

Build Orders: 1 Gate Expand 

Get SALT Encoding   

  12  0:01  Probe (Chrono Boost)  
  13  0:12  Probe (Chrono Boost)  
  14  0:22  Probe (Chrono Boost)  
  15  0:29  Pylon  
  15  0:47  Probe (Chrono Boost)  
  15  0:49  Gateway  
  16  0:54  Assimilator  
  16  0:58  Probe (Chrono Boost)  
  16  1:00  Assimilator  
  17  1:09  Probe (Chrono Boost)  
  18  1:19  Probe (Chrono Boost)  
  19  1:30  Probe (Chrono Boost)  
  20  1:37  Nexus  
  20  1:40  Probe (Chrono Boost)  
  21  1:51  Probe (Chrono Boost)  
  23  2:01  Probe (Chrono Boost)  
  23  2:06  Cybernetics Core  
  23  2:11  Pylon  
  23  2:27  Forge  
  23  2:29  Probe (Chrono Boost)  
  24  2:33  Pylon  
  24  2:40  Probe (Chrono Boost)  
  25  2:49  Probe (Chrono Boost)  
  25  2:50  Probe (Chrono Boost)  
  27  2:59  Probe (Chrono Boost)  
  27  3:04  Mothership Core (Chrono Boost)  
  30  3:08  Assimilator  
  30  3:10  Probe (Chrono Boost)  
  30  3:11  Stargate  
  30  3:12  Assimilator  
  31  3:14  Stargate  
  31  3:21  Stargate  
  31  3:24  Probe (Chrono Boost)  
  32  3:36  Probe x2 (Chrono Boost)  
  32  3:38  Stalker  
  36  3:46  Probe (Chrono Boost)  
  36  3:48  Pylon  
  37  3:51  Pylon  
  37  3:52  Probe (Chrono Boost)  
  41  4:04  Oracle (Chrono Boost)  
  44  4:12  Oracle (Chrono Boost)  
  44  4:15  Oracle (Chrono Boost)  
  47  4:21  Probe  
  47  4:23  Probe  
  49  4:32  Probe  
  49  4:35  Probe  
  54  4:42  Oracle (Chrono Boost)  
  54  4:49  Oracle (Chrono Boost)  
  54  4:51  Oracle (Chrono Boost)  
  60  4:59  Photon Cannon  
  60  5:02  Photon Cannon  
  60  5:08  Photon Cannon  
  60  5:25  Photon Cannon  
  60  5:26  Photon Cannon  
  64  5:36  Void Ray (Chrono Boost)  
  68  5:46  Void Ray (Chrono Boost)  
  65  6:06  Void Ray (Chrono Boost)  
  69  6:31  Pylon  
  69  6:37  Nexus  
  77  6:59  Photon Cannon  
  75  7:05  Phoenix (Chrono Boost)  
  73  7:08  Phoenix (Chrono Boost)  
  73  7:09  Phoenix (Chrono Boost), Photon Cannon  
  73  7:12  Photon Cannon  
  73  7:17  Photon Cannon  
  73  7:19  Mothership Core  
  75  7:27  Phoenix (Chrono Boost)  
  77  7:35  Pylon  
  77  7:36  Phoenix x2 (Chrono Boost)  
  66  7:56  Phoenix (Chrono Boost)  
  60  7:59  Phoenix (Chrono Boost)  
  60  8:01  Phoenix (Chrono Boost)  
  60  8:06  Photon Cannon  
  58  8:21  Phoenix (Chrono Boost)  
  58  8:26  Phoenix (Chrono Boost)  
Show
View Real Time Build Order
Export as new Build Order

EnlistedReb Zerg 

Build Orders: 3 Hatch before Pool 

Get SALT Encoding   

  12  0:01  Drone  
  13  0:12  Overlord  
  13  0:17  Drone  
  14  0:30  Drone  
  14  0:31  Drone  
  14  0:35  Drone  
  17  0:54  Hatchery  
  17  0:56  Drone  
  17  1:00  Drone  
  18  1:06  Drone  
  19  1:25  Hatchery  
  18  1:27  Drone  
  18  1:32  Extractor  
  18  1:33  Drone  
  19  1:45  Spawning Pool  
  18  1:49  Drone  
  18  1:53  Drone  
  20  2:00  Drone  
  21  2:06  Drone  
  22  2:10  Drone  
  23  2:17  Drone  
  23  2:22  Drone  
  25  2:27  Drone  
  26  2:31  Queen  
  26  2:36  Overlord, Queen  
  28  2:44  Lair  
  30  2:46  Zergling x2  
  30  2:48  Drone  
  30  2:50  Drone  
  33  2:53  Drone  
  33  2:55  Drone  
  33  2:58  Drone  
  36  3:00  Drone  
  36  3:02  Drone  
  36  3:04  Drone  
  39  3:11  Queen  
  41  3:16  Metabolic Boost  
  41  3:23  Queen  
  41  3:24  Extractor  
  41  3:25  Overlord  
  43  3:29  Overlord  
  43  3:35  Overlord  
  43  3:45  Drone x2  
  43  3:46  Drone  
  43  3:47  Drone x2  
  47  3:50  Drone x2  
  47  3:51  Drone x3  
  47  3:52  Drone  
  47  3:55  Drone x2  
  55  3:58  Zergling x2  
  55  4:02  Drone, Overseer  
  57  4:03  Drone x2  
  57  4:05  Drone  
  57  4:09  Extractor  
  59  4:10  Extractor, Spore Crawler  
  59  4:12  Spore Crawler  
  59  4:14  Spore Crawler  
  55  4:19  Drone  
  55  4:20  Drone x3  
  55  4:21  Drone  
  60  4:30  Drone x3  
  60  4:31  Drone x3  
  66  4:38  Overlord x3  
  66  4:46  Overlord  
  66  4:47  Overlord x2  
  66  4:49  Overlord  
  66  4:57  Spire  
  64  5:00  Roach Warren  
  64  5:01  Drone x2  
  64  5:03  Overlord x2  
  65  5:15  Overlord  
  65  5:16  Overlord  
  65  5:17  Overlord x2  
  65  5:18  Extractor  
  65  5:19  Extractor  
  65  5:21  Drone x4  
  65  5:24  Hydralisk Den  
  65  5:25  Drone  
  65  5:27  Evolution Chamber  
  66  5:29  Evolution Chamber  
  66  5:32  Drone x2  
  66  5:33  Drone x2  
  66  5:34  Drone x2  
  44  6:08  Mutalisk x6  
  56  6:13  Zergling x2  
  56  6:14  Zergling x22  
  56  6:16  Queen  
  56  6:18  Queen  
  72  6:34  Hatchery  
  72  6:35  Mutalisk x2  
  72  6:38  Overlord x2  
  75  6:46  Drone  
  76  6:48  Mutalisk  
  78  7:00  Mutalisk x2  
  82  7:10  Drone x2  
  84  7:27  Mutalisk  
  84  7:28  Mutalisk  
  84  7:29  Hatchery  
  86  7:36  Mutalisk  
  70  7:51  Drone x7  
  75  7:59  Drone  
  75  8:00  Drone  
  77  8:19  Mutalisk x2  
  67  8:20  Mutalisk  
Tags
 
Add a new tag
Caveats
  • Supply blocks, unpowered buildings, or Contaminate may cause inaccurate times.
  • Supply counts are checked every 10 seconds.